 Dungeon Crawl Stone Soup version 0.30-a0-1114-gd936c97349 (webtiles) character file.

Game seed: 5164941419349213425

3094 jasper the Grappler (level 9, -7/120 HPs)
             Began as a Troll Delver on Apr 20, 2023.
             Was an Elder of Cheibriados.
             Mangled by an orc warrior
             ... wielding a +0 glaive
              (20 damage)
             ... in a bailey.
             The game lasted 00:11:25 (5774 turns).

jasper the Grappler (Troll Delver)                  Turns: 5774, Time: 00:11:26

Health: -7/120     AC: 12    Str: 32    XL:     9   Next: 59%
Magic:  7/14       EV: 10    Int: 20    God:    Cheibriados [****..]
Gold:   674        SH:  0    Dex: 21    Spells: 3/8 levels left

rFire   . . .      SeeInvis .      - Unarmed
rCold   . . .      Faith    .    (no shield)
rNeg    . . .      Spirit   .    a - +0 robe
rPois   .          Reflect  .    (helmet restricted)
rElec   .          Rampage  .    (no cloak)
rCorr   .                        (gloves unavailable)
Will    .....                    (boots unavailable) Stlth
                                 (no amulet)
HPRegen 1.20/turn                t - +4 ring of protection
MPRegen 0.14/turn                G - +4 ring of protection

@: berserking (expiring), very slow
A: large, unfitting armour, claws 3, regeneration 1, shaggy fur 1, tough skin 1
a: Renounce Religion, Bend Time, Temporal Distortion, Slouch


You were in a bailey.
You worshipped Cheibriados.
Cheibriados was greatly pleased with you.
You visited 2 branches of the dungeon, and saw 9 of its levels.
You also visited: Sewer, Ossuary and Bailey.

You collected 714 gold pieces.
You spent 40 gold pieces at shops.

Inventory:

Hand Weapons
 r - a +0 dagger
Missiles
 i - 2 throwing nets
 p - 60 stones
 v - 13 poisoned darts (quivered)
 B - 10 boomerangs
 K - 5 atropa-tipped darts
Armour
 a - a +0 robe (worn)
 q - a +1 cloak
Jewellery
 s - an amulet of faith
 t - a +4 ring of protection (left claw)
 F - the ring of Wekhluck {rC+ Stlth+}
   (You found it on level 6 of the Dungeon)

   [ring of protection from cold]

   rC:        It protects you from cold.
   Stlth:     It makes you more stealthy.
 G - a +4 ring of protection (right claw)
 J - a ring of protection from cold
Wands
 f - a wand of digging (3)
 u - a wand of flame (16)
 y - a wand of iceblast (17)
 E - a wand of light (12)
 H - a wand of polymorph (8)
Scrolls
 b - 4 scrolls of fog
 c - a scroll of magic mapping
 h - 5 scrolls of enchant weapon
 j - a scroll of vulnerability
 k - a scroll of butterflies
 l - 5 scrolls of teleportation
 D - 2 scrolls of enchant armour
 I - 2 scrolls of identify
 L - 2 scrolls of immolation
 N - a scroll of fear
 O - a scroll of amnesia {unknown}
Potions
 d - 4 potions of heal wounds
 e - 2 potions of haste
 g - 3 potions of attraction
 m - 4 potions of lignification
 n - 2 potions of brilliance
 o - 2 potions of might
 w - 8 potions of curing
 x - 2 potions of magic
 z - 3 potions of flight
 A - 2 potions of ambrosia
 M - 2 potions of mutation
 P - 3 potions of cancellation {unknown}
 Q - 2 potions of invisibility {unknown}


   Skills:
 - Level 2.4 Fighting
 - Level 1.5 Dodging
 - Level 2.7 Stealth
 - Level 10.0 Unarmed Combat
 + Level 8.5 Invocations


You had 3 spell levels left.
You knew the following spells:

 Your Spells              Type           Power      Damage    Failure   Level
a - Blink                 Tloc           0%         N/A       28%         2
b - Wereblood             Tmut           0%         N/A       28%         2
c - Apportation           Tloc           0%         N/A       19%         1

Your spell library contained the following spells:

 Spells                   Type           Power      Damage    Failure   Level
 Foxfire                  Conj/Fire      0%         2x1d4     19%         1
 Magic Dart               Conj           0%         1d3       19%         1
 Summon Small Mammal      Summ           0%         N/A       19%         1
 Cigotuvi's Dreadful Rot  Necr/Pois/Air  0%         N/A       28%         2
 Lesser Beckoning         Tloc           0%         N/A       28%         2
 Momentum Strike          Conj/Tloc      0%         3d8       28%         2
 Scorch                   Fire           0%         2d5       28%         2
 Searing Ray              Conj           0%         2d4       28%         2
 Sublimation of Blood     Necr           0%         N/A       28%         2
 Portal Projectile        Hex/Tloc       0%         N/A       50%         3
 Volatile Blastmotes      Fire/Tloc      0%         2d10      50%         3
 Cause Fear               Hex            0%         N/A       88%         4
 Dispel Undead            Necr           0%         3d6       88%         4
 Flame Wave               Conj/Fire      0%         2d4       88%         4
 Fulminant Prism          Conj/Hex       0%         3d5       88%         4
 Iskenderun's Mystic Bla  Conj/Tloc      0%         2d3       88%         4
 Fireball                 Conj/Fire      0%         3d3       99%         5
 Lee's Rapid Deconstruct  Erth           0%         3d4*      99%         5
 Death Channel            Necr           0%         N/A       100%        6
 Plasma Beam              Fire/Air       0%         2x1d11    100%        6
 Starburst                Conj/Fire      0%         6d3       100%        6
 Summon Cactus Giant      Summ           0%         N/A       100%        6
 Dragon Form              Tmut           0%         N/A       100%        7
 Summon Hydra             Summ           0%         N/A       100%        7
 Dragon's Call            Summ           0%         N/A       100%        9


Dungeon Overview and Level Annotations

Branches:
Dungeon (8/15)             Temple (1/1) D:4            Lair (0/5) D:8
  Sewer (visited)         Ossuary (visited)          Bailey (1/1)

Altars:
Ashenzari
Cheibriados
Elyvilon
Fedhas
Hepliaklqana
Kikubaaqudgha
Makhleb
Qazlal
Trog
Vehumet
Wu Jian
Yredelemnul
Zin
The Shining One

Shops:
D:6 ?


Innate Abilities, Weirdness & Mutations

You are too large for most types of armour.
You have claws for hands.
Your natural rate of healing is unusually fast.
You are covered in fur. (AC +1)
You have tough skin. (AC +1)


Message History

An orc knight comes into view. It is wielding a +4 halberd.
Throw: 14 darts (poison)
Press: ? - help, Q - select action, (/) - cycle Shift-Dir - straight line, f/p - orc warrior
Aim: an orc warrior, wielding a +0 glaive and wearing a +0 chain mail (60% to hit)
You throw a poisoned dart.
The poisoned dart closely misses the orc warrior.
The poisoned dart closely misses the orc knight.
The orc knight shouts!
The orc knight roars a battlecry!
The orc warrior goes into a battle-frenzy!
You feel much better.
You regained 19 hp, and now have 55/80 hp.
A red film seems to cover your vision as you go berserk!
Cheibriados forces you to slow down.
You feel mighty!
You now have 85/120 hp.
You feel a strong urge to attack something.
The orc warrior hits you with a +0 glaive!
You take 11 damage, and have 74/120 hp.
The orc warrior hits you with a +0 glaive!!
The orc knight hits you with a +4 halberd!!
* * * LOW HITPOINT WARNING * * *
You take 45 damage, and have 29/120 hp.
MASSIVE DAMAGE!!
You claw the orc knight!
The orc knight is lightly wounded.
The orc warrior misses you.
The orc knight hits you with a +4 halberd.
* * * LOW HITPOINT WARNING * * *
You take 1 damage, and have 28/120 hp.
You mangle the orc knight!!
The orc knight is heavily wounded.
The orc warrior hits you with a +0 glaive!
* * * LOW HITPOINT WARNING * * *
The orc knight hits you with a +4 halberd.
* * * LOW HITPOINT WARNING * * *
You take 16 damage, and have 12/120 hp.
You scratch the orc knight but do no damage.
The orc knight is heavily wounded.
The orc warrior hits you with a +0 glaive!!
You die...

#8.#...######.....
#..#..............
#..'..............
#..'..............
.
#).#..............
#..
#8.#...######.....
#######..#....≈
≈..♣...
.)(.).).)##...≈≈
≈..♣♣..
..)...o@..#...≈≈≈
....#
########o.#..≈≈≈≈
####


You could see an orc knight and an orc warrior (strong).

Vanquished Creatures
  Joseph (D:7)
  Edmund (D:6)
  A water moccasin (Sewer)
  An ice beast (D:7)
  A black bear (D:6)
  2 orc warriors (Bailey)
  A sky beast (D:7)
  2 ogres (D:5)
  3 centaurs
  3 necrophages (D:5)
  4 bullfrogs
  A kobold brigand (D:5)
  2 scorpions
  A wight (D:5)
  A howler monkey (D:5)
  3 bullfrog zombies (D:5)
  3 jellies
  6 hounds
  A human zombie (D:5)
  A gnoll bouda (D:5)
  A sleepcap (D:5)
  3 iguanas
  2 orc wizards
  A scorpion zombie (D:5)
  6 mummies
  9 gnolls
  5 adders
  A white imp (D:6)
  2 worms
  5 dart slugs
  23 orcs
  5 endoplasms
  4 giant cockroaches
  11 goblins
  10 hobgoblins
  13 jackals
  2 quokkas (D:1)
  10 ball pythons
  5 bats
  A frilled lizard (D:2)
  11 kobolds
  5 rats
174 creatures vanquished.

Vanquished Creatures (others)
  A fungus (D:3)
  22 plants
23 creatures vanquished.

Grand Total: 197 creatures vanquished

Notes
Turn   | Place    | Note
-------+----------+-------------------------------------------
     0 | D:5      | jasper the Troll Delver began the quest for the Orb.
     0 | D:5      | Reached XP level 1. HP: 22/22 MP: 0/0
    18 | D:5      | Noticed a hound
    31 | D:5      | Noticed an ogre
    32 | D:5      | Noticed an iguana
    39 | D:5      | Killed a hound
    40 | D:5      | Reached skill level 3 in Unarmed Combat
    40 | D:5      | Reached XP level 2. HP: 23/29 MP: 1/1
    40 | D:5      | Reached XP level 3. HP: 29/36 MP: 2/2
   124 | D:4      | Found a snail-covered altar of Cheibriados.
   185 | D:4      | Reached skill level 4 in Unarmed Combat
   199 | D:4      | Became a worshipper of Cheibriados the Contemplative
   210 | D:3      | Found a glowing drain.
   227 | Sewer    | Entered a sewer
   288 | Sewer    | Noticed a water moccasin
   304 | Sewer    | Killed a water moccasin
   305 | Sewer    | Reached skill level 5 in Unarmed Combat
   305 | Sewer    | Reached XP level 4. HP: 18/44 MP: 3/3
   305 | Sewer    | Reached XP level 5. HP: 21/50 MP: 4/4
   734 | D:1      | Reached * piety under Cheibriados
   771 | D:1      | Learned a level 2 spell: Blink
   882 | D:1      | Reached skill level 6 in Unarmed Combat
  1243 | D:2      | Reached ** piety under Cheibriados
  1320 | D:2      | Reached XP level 6. HP: 58/58 MP: 5/5
  1872 | D:3      | Found a hazy altar of Hepliaklqana.
  1934 | D:3      | Found a stormy altar of Qazlal.
  1976 | D:3      | Found an ancient bone altar of Kikubaaqudgha.
  2255 | D:3      | Found a faded altar of an unknown god.
  2272 | D:3      | Reached *** piety under Cheibriados
  2687 | D:4      | Reached skill level 7 in Unarmed Combat
  2708 | D:4      | Found a staircase to the Ecumenical Temple.
  2819 | D:4      | Found a blossoming altar of Fedhas.
  3148 | D:4      | Found a radiant altar of Vehumet.
  3157 | D:4      | Identified the +3 trident "Jyfeujaj" {freeze, rC+ rN+}
  3388 | Temple   | Entered the Ecumenical Temple
  3523 | D:5      | Learned a level 2 spell: Wereblood
  3599 | D:5      | Reached XP level 7. HP: 59/66 MP: 6/6
  3600 | D:5      | Reached **** piety under Cheibriados
  3601 | D:5      | Reached skill level 8 in Unarmed Combat
  3819 | D:5      | Reached skill level 9 in Unarmed Combat
  3862 | D:5      | Reached XP level 8. HP: 68/74 MP: 7/7
  3862 | D:5      | Found a basalt altar of Yredelemnul.
  3915 | D:5      | Reached skill level 10 in Unarmed Combat
  3915 | D:5      | Reached skill level 1 in Invocations
  4197 | D:6      | Noticed Edmund
  4215 | D:6      | Killed Edmund
  4215 | D:6      | Reached ***** piety under Cheibriados
  4216 | D:6      | Reached skill level 5 in Invocations
  4231 | D:6      | Found Hybaculi's Magic Scroll Shoppe.
  4234 | D:6      | Bought a scroll of fog for 40 gold pieces
  4326 | D:6      | Identified the ring of Wekhluck {rC+ Stlth+}
  4385 | D:6      | Reached XP level 9. HP: 52/80 MP: 12/12
  4433 | D:6      | Found a bloodstained altar of Trog.
  4434 | D:6      | Found a broken altar of Ashenzari.
  4685 | D:7      | Noticed Joseph
  4697 | D:7      | Killed Joseph
  4788 | D:7      | Found an ornate altar of the Wu Jian Council.
  4814 | D:7      | Got the Precepts of the Elliptic Familiar
  4846 | D:7      | Learned a level 1 spell: Apportation
  5485 | D:8      | Found a sand-covered staircase.
  5494 | Ossuary  | Entered an ossuary
  5695 | D:8      | Found a flagged portal.
  5704 | Bailey   | Entered a bailey
  5766 | Bailey   | Noticed an orc knight
  5774 | Bailey   | Mangled by an orc warrior

Illustrated notes

Levels and vault maps discovered:
D:1:      dpeg_arrival_simpleton_c, layout_basic, minmay_tromino_v4_c
D:2:      layout_basic, chequers_serial_rivers_marsh, nicolae_grassy_gnolls
D:3:      layout_loops_corners, kiku_gazebo_pond_becter,
          nicolae_overflow_crystal_walls, mainiacjoe_overflow_paths,
          cheibrodos_sewer_entry_drain,
          shapermc_ecumenical_altar_mp_urbaneastern
D:4:      layout_cave_pods, lemuel_crystal_altar, mainiacjoe_overflow_brackets,
          old_standard_altar, minmay_temple_entry_statues_pillars
D:5:      layout_rooms, lemuel_mausoleum_altar_yredelemnul,
          minmay_misc_feat_tower
D:6:      lemuel_ice_spiral_2, layout_rooms, gammafunk_temple_overflow_statue,
          serial_shops, kennysheep_mini, uniq_edmund
D:7:      layout_basic, mainiacjoe_overflow_six_doors_small,
          minmay_fractal_squares_gapless_5, uniq_joseph
D:8:      layout_loops_cross, lemuel_tele_altar, lemuel_round_altar,
          grunt_lair_entry_orc_guard_hut, enter_bailey_8,
          gup_ossuary_entry_pyramid
Temple:   hellmonk_temple_rainy
Bailey:   bailey_polearm_elven_captive_hellmonk, bailey

Skill      XL: |  1  2  3  4  5  6  7  8  9 |
---------------+----------------------------+-----
Unarmed Combat | 3 5 6 7 9 10 | 10.0
Invocations    | 5 8 |  8.5
Fighting       | |  2.4
Dodging        | |  1.5
Stealth        | |  2.7

Action                     |  1- 3 |  4- 6 |  7- 9 || total
---------------------------+-------+-------+-------++-------
  Melee: Unarmed           |    64 |   188 |   158 ||   410
         Punch             |       |     4 |     8 ||    12
  Throw: Stone             |       |    13 |       ||    13
         Dart              |       |    13 |    25 ||    38
 Invoke: Slouch            |       |       |     2 ||     2
    Use: Scroll            |     1 |    10 |     7 ||    18
         Potion            |     1 |       |     2 ||     3
   Stab: Sleeping          |       |     5 |    14 ||    19
 Armour: Robe              |    25 |   101 |    60 ||   186
  Dodge: Dodged            |    16 |   113 |    95 ||   224

Table legend: (Time is in decaauts)
 A = Elapsed time spent in this place.
 B = Non-inter-level travel time spent in this place.
 C = Inter-level travel time spent in this place.
 D = Time resting spent in this place.
 E = Time spent auto-exploring this place.
 F = Levels seen in this place.
 G = Mean time per level.
                   A        B        C        D        E       F      G
               +--------+--------+--------+--------+--------+-----+--------+
         Total |   8660 |   8215 |    445 |     31 |   6206 |  12 |  721.7 |
       Dungeon |   8074 |   7629 |    445 |     31 |   6000 |   8 | 1009.2 |
        Temple |      1 |      1 |      0 |      0 |      0 |   1 |    1.0 |
         Sewer |    197 |    197 |      0 |      0 |    143 |   1 |  197.0 |
       Ossuary |    272 |    272 |      0 |      0 |      0 |   1 |  272.0 |
        Bailey |    114 |    114 |      0 |      0 |     63 |   1 |  114.0 |
               +--------+--------+--------+--------+--------+-----+--------+

Top non-repeatable levels by time:
     D:4: 1457 daAuts
     D:7: 1454 daAuts
     D:3: 1217 daAuts
     D:5: 1100 daAuts
     D:1: 959 daAuts
     D:2: 939 daAuts
     D:6: 805 daAuts
 Ossuary: 272 daAuts
   Sewer: 197 daAuts
     D:8: 140 daAuts
  Bailey: 114 daAuts
  Temple: 1 daAuts
